 Dungeon Crawl Stone Soup version 0.26.0-11-g8f856b5395 (webtiles) character file.

Game seed: 13709655485987146640

59 jiml777 the Skirmisher (level 3, 0/30 HPs)
             Began as a Demonspawn Abyssal Knight on Jan 15, 2021.
             Was a Follower of Lugonu.
             Killed by nerve-wracking pain
             ... invoked by an orc priest
              (14 damage)
             ... on level 2 of the Dungeon.
             The game lasted 00:02:57 (1235 turns).

jiml777 the Skirmisher (Demonspawn Abyssal Knight)  Turns: 1235, Time: 00:02:57

Health: 0/30       AC:  8    Str: 13    XL:     3   Next: 78%
Magic:  5/5        EV:  6    Int: 15    God:    Lugonu [*.....]
Gold:   59         SH:  0    Dex: 12    Spells: 2/2 levels left

rFire    . . .     SeeInvis .   a - +1 hand axe
rCold    . . .     Faith    .   (no shield)
rNeg     . . .     Spirit   .   d - +0 chain mail
rPois    .         Reflect  .   (no helmet)
rElec    .         Harm     .   (no cloak)
rCorr    .         Rampage  .   (no gloves)
Will     .....                  (no boots)
Stlth    ..........             (no amulet)
HPRegen  0.10/turn              (no ring)
MPRegen  0.09/turn              (no ring)

@: no status effects
A: powered by pain 1, big brain 1
a: Renounce Religion, Depart the Abyss


You were on level 2 of the Dungeon.
You worshipped Lugonu.
Lugonu was aware of your devotion.
You visited 1 branch of the dungeon, and saw 2 of its levels.
You visited the Abyss 1 time.

You collected 59 gold pieces.

Inventory:

Hand Weapons
 a - a +1 hand axe (weapon)
Missiles
 h - 11 arrows
 i - 13 sling bullets
Armour
 b - a +0 leather armour
 d - a +0 chain mail (worn)
Scrolls
 c - a scroll of immolation {unknown}
 f - 4 scrolls of identify
Potions
 e - a potion of brilliance


   Skills:
 + Level 3.7 Fighting
 + Level 2.5 Axes
 + Level 2.3 Armour
 + Level 1.0 Dodging
 + Level 2.9 Invocations


You had 2 spell levels left.
You didn't know any spells.
Your spell library was empty.

Dungeon Overview and Level Annotations

Branches:
Dungeon (2/15)

Altars:


Innate Abilities, Weirdness & Mutations

You sometimes gain a little power by taking damage.
You have an unusually large brain. (Int +2)


Message History

The orc is heavily wounded.
The orc hits you but does no damage. The orc barely misses you.
You barely miss the orc.
The orc is heavily wounded.
The orc hits you but does no damage.
You closely miss the orc.
The orc is heavily wounded.
You barely miss the orc priest. You hit the orc.
The orc priest closely misses you. The orc hits you but does no damage.
You hit the orc priest.
The orc priest is lightly wounded.
You hit the orc.
You kill the orc!
Lugonu accepts your kill.
The orc priest hits you but does no damage.
You hit the orc priest.
The orc priest is heavily wounded.
The orc priest mumbles some strange prayers to Beogh against you.
Pain shoots through your body!
You die...

#.....# # #.....# .#
#.....##.#
#.......>###
##.........#
#..........
##..........
#########)o........#
#........@....######
..........)...#
>##############


You could see an orc priest.

Vanquished Creatures
  An orc wizard (D:1)
  An adder (D:1)
  An ooze (D:1)
  3 orcs
  3 goblins
  4 kobolds
  A ball python (D:1)
  2 frilled lizards (D:1)
  A rat (D:1)
17 creatures vanquished.

Notes
Turn   | Place    | Note
-------+----------+-------------------------------------------
     0 | Abyss:1  | jiml777 the Demonspawn Abyssal Knight began the quest for
                  | the Orb.
     0 | Abyss:1  | Reached XP level 1. HP: 18/18 MP: 2/2
    15 | D:1      | Escaped the Abyss
   393 | D:1      | Gained mutation: You sometimes gain a little power by
                  | taking damage. [demonic ancestry]
   393 | D:1      | Reached XP level 2. HP: 24/24 MP: 3/3
  1006 | D:1      | Gained mutation: You have an unusually large brain. (Int
                  | +2) [demonic ancestry]
  1006 | D:1      | Reached XP level 3. HP: 13/29 MP: 3/5
  1014 | D:1      | Reached skill level 1 in Dodging
  1235 | D:2      | Killed from afar by an orc priest

Illustrated notes

Levels and vault maps discovered:
D:1:      dpeg_arrival_arbitrary_a, layout_loops_corners
D:2:      layout_rooms, okawaru_trees_2, uniq_jessica

Skill      XL: |  1  2  3 |
---------------+----------+-----
Axes           | 2 |  2.5
Armour         | 2 |  2.3
Dodging        | 1 |  1.0
Fighting       | |  3.7
Invocations    | |  2.9

Action                   || total
-------------------------++-------
Melee: Hand axe          ||    59
  Use: Scroll            ||     2
       Potion            ||     1
Armor: Chain mail        ||    46
Dodge: Dodged            ||    22
